 Dungeon Crawl Stone Soup version 0.30-a0-359-gd0147acb1a (webtiles) character file.

Game seed: 68348562312831191

2849 Gismaildir the Fighter (level 9, -1/81 HPs)
             Began as a Minotaur Fighter on Nov 12, 2022.
             Slain by a killer bee (5 damage)
             ... on level 6 of the Dungeon.
             The game lasted 00:09:55 (5391 turns).

Gismaildir the Fighter (Minotaur Fighter)           Turns: 5391, Time: 00:09:56

Health: -1/81      AC: 17    Str: 25 (26) XL:     9   Next: 46%
Magic:  8/8        EV:  9    Int:  3 (5)  God:
Gold:   329        SH: 10    Dex:  7 (9)  Spells: 8/8 levels left

rFire   + . .      SeeInvis .    b - +1 war axe (vorpal)
rCold   + . .      Faith    .    c - +0 buckler
rNeg    . . .      Spirit   .    y - +0 chain mail
rPois   +          Reflect  +    (helmet restricted)
rElec   +          Harm     .    p - +2 cloak
rCorr   +          Rampage  .    (no gloves)
Will    +....                    u - +2 pair of boots
Stlth   ..........               r - amulet of reflection
HPRegen 0.33/turn                m - ring of willpower
MPRegen 0.11/turn                (no ring)

@: resistant, hasted and slowed
A: horns 2, retaliatory headbutt, evolution 1, inability to read after injury 1
a: no special abilities


You were on level 6 of the Dungeon.
You visited 2 branches of the dungeon, and saw 8 of its levels.

You collected 329 gold pieces.

Inventory:

Hand Weapons
 a - a +0 war axe
 b - a +1 vorpal war axe (weapon)
Armour
 c - a +0 buckler (worn)
 p - a +2 cloak (worn)
 u - a +2 pair of boots (worn)
 y - a +0 chain mail (worn)
Jewellery
 m - a ring of willpower (left hand)
 r - an amulet of reflection (around neck)
Wands
 d - a wand of polymorph (2)
Scrolls
 j - 3 scrolls of teleportation
Potions
 k - a potion of attraction
 v - a potion of magic {unknown}
 x - a potion of brilliance {unknown}


   Skills:
 + Level 8.0 Fighting
 + Level 7.4 Axes
 + Level 7.9 Armour
 + Level 6.3 Dodging
 + Level 7.9 Shields


You had 8 spell levels left.
You didn't know any spells.
Your spell library contained the following spells:

 Spells                   Type           Power      Damage    Failure   Level
 Sandblast                Erth           0%         2d4       99%         1
 Passwall                 Tmut/Erth      0%         N/A       100%        2
 Stone Arrow              Conj/Erth      0%         3d7       100%        3


Dungeon Overview and Level Annotations

Branches:
Dungeon (7/15)             Temple (1/1) D:5

Altars:
Cheibriados
Dithmenos
Gozag
Kikubaaqudgha
Qazlal
Sif Muna
Uskayaw
Vehumet
Xom
The Shining One


Innate Abilities, Weirdness & Mutations

You have a pair of horns on your head.
You reflexively headbutt those who attack you in melee.
You have hidden genetic potential.
You occasionally lose the ability to read scrolls when taking damage.


Message History

You are more poisoned.
The killer bee poisons you!
The killer bee stings you but does no damage.
There is a stone staircase leading up here.
* * * LOW HITPOINT WARNING * * *
You feel very sick.
The killer bee stings you but does no damage.
The killer bee stings you.
* * * LOW HITPOINT WARNING * * *
The killer bee stings you but does no damage.
The killer bee closely misses you. The killer bee barely misses you.
The killer bee stings you.
* * * LOW HITPOINT WARNING * * *
The killer bee misses you. You furiously retaliate!
You headbutt the killer bee!
The bullfrog hits you but does no damage.
The killer bee stings you but does no damage.
You climb upwards.
* * * LOW HITPOINT WARNING * * *
You feel sick.
There is a stone staircase leading down here.
Unknown command.
It was a potion of curing.
You feel better. You block the killer bee's attack.
The killer bee stings you but does no damage. x2
The killer bee stings you.
* * * LOW HITPOINT WARNING * * *
The killer bee barely misses you. The killer bee closely misses you.
The killer bee stings you but does no damage. x2
Unknown command.
You feel protected. The killer bee barely misses you. You furiously retaliate!
You headbutt the killer bee! The killer bee stings you.
* * * LOW HITPOINT WARNING * * *
The killer bee completely misses you. The killer bee closely misses you.
You furiously retaliate!
You headbutt the killer bee, but do no damage.
You block the killer bee's attack.
The killer bee stings you but does no damage.
You block the killer bee's attack. The killer bee stings you.
You die...

... ##....
...... .
...... ..
$..... ..##
#### ......
##..##..##
......
.#........##
######
........y..#
......y@...#
.#.....yy.##
#........#
#..........#
...........#
.#........##
##..##..##
... ..##


You could see 4 killer bees.

Vanquished Creatures
  Pikel (D:5)
  Maggie (D:6)
  Eustachio (D:6)
  The ghost of borntocrawl the Ducker, an amateur DgGl (D:4)
  Menkaure (D:6)
  Edmund (D:5)
  Duvessa (D:5)
  2 centaurs
  A phantom (D:5)
  3 lemures (D:5)
  3 necrophages
  4 scorpions
  Dowan (D:5)
  6 hounds
  Crazy Yiuf (D:3)
  A gnoll bouda (D:5)
  4 orc priests (D:5)
  2 jellies
  4 iguanas
  2 orc wizards (D:4)
  10 adders
  3 gnolls
  A shadow imp (D:6)
  A white imp (D:5)
  3 ufetubi
  4 worms
  4 dart slugs
  14 orcs
  6 ball pythons
  4 endoplasms
  2 giant cockroaches
  12 goblins
  8 hobgoblins
  6 jackals
  5 quokkas
  5 bats
  7 kobolds
  6 rats
142 creatures vanquished.

Vanquished Creatures (others)
  A gnoll (D:6)
1 creature vanquished.

Grand Total: 143 creatures vanquished

Notes
Turn   | Place    | Note
-------+----------+-------------------------------------------
     0 | D:1      | Gismaildir the Minotaur Fighter began the quest for the
                  | Orb.
     0 | D:1      | Reached XP level 1. HP: 19/19 MP: 0/0
   131 | D:1      | Reached XP level 2. HP: 25/27 MP: 1/1
   454 | D:1      | Reached skill level 1 in Dodging
   799 | D:1      | Reached skill level 4 in Fighting
   799 | D:1      | Reached XP level 3. HP: 29/33 MP: 2/2
  1565 | D:2      | Reached XP level 4. HP: 40/40 MP: 3/3
  2128 | D:3      | Found a runed translucent door.
  2129 | D:3      | Noticed Crazy Yiuf
  2136 | D:3      | Killed Crazy Yiuf
  2371 | D:3      | Reached XP level 5. HP: 46/47 MP: 4/4
  2717 | D:4      | Reached XP level 6. HP: 55/55 MP: 5/5
  2719 | D:4      | Noticed borntocrawl's ghost (amateur DgGl)
  2741 | D:4      | Reached skill level 5 in Armour
  2742 | D:4      | Reached skill level 5 in Fighting
  2742 | D:4      | Reached skill level 5 in Shields
  2826 | D:4      | Found a runed translucent gate.
  2826 | D:4      | Found a runed translucent gate.
  2835 | D:4      | Found a runed translucent gate.
  3341 | D:4      | Killed borntocrawl's ghost
  3342 | D:4      | Reached XP level 7. HP: 59/61 MP: 6/6
  3397 | D:5      | Entered Level 5 of the Dungeon
  3504 | D:5      | Noticed Pikel
  3550 | D:5      | Killed Pikel
  3551 | D:5      | Reached skill level 6 in Fighting
  3551 | D:5      | Reached skill level 5 in Axes
  3551 | D:5      | Reached XP level 8. HP: 36/70 MP: 7/7
  3720 | D:5      | Found a staircase to the Ecumenical Temple.
  3752 | Temple   | Entered the Ecumenical Temple
  4099 | D:5      | Reached skill level 5 in Dodging
  4168 | D:5      | Noticed Edmund
  4171 | D:5      | Noticed Dowan
  4174 | D:5      | Noticed Duvessa
  4183 | D:5      | Killed Edmund
  4187 | D:5      | Killed Duvessa
  4188 | D:5      | Reached skill level 7 in Fighting
  4198 | D:5      | Killed Dowan
  4799 | D:6      | Noticed Menkaure
  4801 | D:6      | Noticed Maggie
  5099 | D:6      | Killed Menkaure
  5100 | D:6      | Reached XP level 9. HP: 64/79 MP: 8/8
  5105 | D:6      | Killed Maggie
  5222 | D:6      | Noticed Eustachio
  5244 | D:6      | Killed Eustachio
  5255 | D:6      | Gained mutation: You have hidden genetic potential. [potion
                  | of mutation]
  5255 | D:6      | Gained mutation: You occasionally lose the ability to read
                  | scrolls when taking damage. [potion of mutation]
  5352 | D:6      | Reached skill level 8 in Fighting
  5388 | D:7      | HP: 4/81 [killer bee (1)]
  5391 | D:6      | Slain by a killer bee

Illustrated notes

Levels and vault maps discovered:
D:1:      amcnicky_arrival_choice, layout_basic
D:2:      layout_loops_ring
D:3:      layout_loops_ring, serial_bayou_pond_a, uniq_crazy_yiuf_cottage
D:4:      layout_layer_cave, gammafunk_ghost_split
D:5:      layout_loops_cross, minmay_temple_entry_metal_lava,
          nicolae_concentric_dashed_squares_mild, grunt_decor_fettered,
          uniq_duvessa, uniq_edmund, uniq_pikel
D:6:      layout_rooms, nicolae_ru_sacrificial_ziggurat,
          chequers_temple_overflow_minitemple, st_stairs_5,
          minmay_alternating_orb, uniq_menkaure, uniq_maggie, uniq_eustachio
D:7:      layout_rooms
Temple:   dpeg_chambers_temple

Skill      XL: |  1  2  3  4  5  6  7  8  9 |
---------------+----------------------------+-----
Dodging        | 1 2 3 4 5 6 |  6.3
Fighting       | 4 5 6 7 8 |  8.0
Armour         | 4 5 6 7 |  7.9
Shields        | 4 5 6 7 |  7.9
Axes           | 3 4 5 6 7 |  7.4

Action                   |  1- 3 |  4- 6 |  7- 9 || total
-------------------------+-------+-------+-------++-------
Melee: War axe           |    99 |   128 |   183 ||   410
       Headbutt          |    10 |    14 |    32 ||    56
  Use: Potion            |       |       |    10 ||    10
       Scroll            |       |       |     9 ||     9
Armor: Scale mail        |    47 |    57 |    40 ||   144
       Chain mail        |       |       |    97 ||    97
Dodge: Dodged            |    45 |    70 |   103 ||   218
Block: Buckler           |    27 |    54 |   143 ||   224
       Reflection        |       |       |     3 ||     3

Table legend: (Time is in decaauts)
 A = Elapsed time spent in this place.
 B = Non-inter-level travel time spent in this place.
 C = Inter-level travel time spent in this place.
 D = Time resting spent in this place.
 E = Time spent auto-exploring this place.
 F = Levels seen in this place.
 G = Mean time per level.
                   A        B        C        D        E       F      G
               +--------+--------+--------+--------+--------+-----+--------+
         Total |   5524 |   5301 |    223 |    271 |   3975 |   8 |  690.5 |
       Dungeon |   5318 |   5105 |    213 |    271 |   3788 |   7 |  759.7 |
        Temple |    205 |    195 |     10 |      0 |    187 |   1 |  205.0 |
               +--------+--------+--------+--------+--------+-----+--------+

Top non-repeatable levels by time:
     D:5: 1503 daAuts
     D:1: 1067 daAuts
     D:4: 938 daAuts
     D:2: 772 daAuts
     D:3: 703 daAuts
     D:6: 328 daAuts
  Temple: 205 daAuts
     D:7: 4 daAuts
